EL
MISSISSIPPI BRAVES @ TULSA DRILLERS
08/16/2049
 
TOP OF THE 1ST
Mississippi Braves batting - Pitching for Tulsa Drillers : RHP Mike Mik
Pitching: RHP Mike Mik
Batting: RHB Zheng-ze King 0-0: Ball
1-0: Called Strike
1-1: Swinging Strike
1-2: Ball
2-2: Ball
3-2: Foul Ball, location: 2F
3-2: Base on Balls
Batting: LHB Ricardo Sandoval 0-0: Fly out, F9 (Flyball, 89M, EV 86.2 MPH)
Batting: LHB Art D'Ascenzo 0-0: Ball
1-0: Foul Ball, location: 2F
1-1: Fly out, F7 (Flyball, 7D, EV 81.2 MPH)
Batting: RHB Luis Restrepo 0-0: Ball
Zheng-ze King steals 2nd base
1-0: Ball
2-0: Ball
3-0: DOUBLE (Line Drive, 9LS, EV 92.5 MPH)
Zheng-ze King scores
Batting: LHB Sal Fernandez 0-0: Called Strike
0-1: Called Strike
0-2: Ground out 4-3 (Groundball, 34, EV 89.4 MPH)
Top of the 1st over - 1 run, 1 hit, 0 errors, 1 left on base; Mississippi 1 - Tulsa 0
BOTTOM OF THE 1ST
Tulsa Drillers batting - Pitching for Mississippi Braves : LHP Carlos Salcido
Pitching: LHP Carlos Salcido
Batting: LHB Cory Bowler 0-0: Called Strike
0-1: Swinging Strike
0-2: Strikes out looking
Batting: LHB Umar Matoub 0-0: Ball
1-0: Ground out 6-3 (Groundball, 6, EV 109.4 MPH)
Batting: LHB Nate Kee 0-0: Swinging Strike
0-1: Called Strike
0-2: Foul Ball, location: 2F
0-2: Ball
1-2: Ball
2-2: Ground out 4-3 (Groundball, 4, EV 91.2 MPH)
Bottom of the 1st over - 0 runs, 0 hits, 0 errors, 0 left on base; Mississippi 1 - Tulsa 0
TOP OF THE 2ND
Mississippi Braves batting - Pitching for Tulsa Drillers : RHP Mike Mik
Batting: RHB Hieronim Rutkowski 0-0: Foul Ball, location: 2F
0-1: Hit by Pitch
Batting: RHB Justin Reich 0-0: Called Strike
0-1: Called Strike
0-2: Foul Ball, location: 2F
0-2: Ball
1-2: SINGLE (Groundball, 5S, EV 68.8 MPH) (infield hit)
Hieronim Rutkowski to second
Batting: SHB Jose Melendez 0-0: Swinging Strike
0-1: Ball
1-1: Ball
2-1: Ball
3-1: Called Strike
3-2: SINGLE (Groundball, 56D, EV 102.5 MPH)
Hieronim Rutkowski to third
Justin Reich to second
Runner from 3rd tries for Home, SAFE, throw by LF to home
Batting: RHB Costantino Dolfini 0-0: Called Strike
0-1: Swinging Strike
0-2: Ball
1-2: Strikes out swinging
Batting: RHB Zheng-ze King 0-0: Ball
1-0: Fly out, F7 (Flyball, 78S, EV 77.5 MPH)
Batting: LHB Ricardo Sandoval 0-0: Called Strike
0-1: Ball
1-1: Ball
2-1: Ball
3-1: Swinging Strike
3-2: Base on Balls
Justin Reich to third
Jose Melendez to second
Batting: LHB Art D'Ascenzo 0-0: Ball
1-0: Swinging Strike
1-1: Foul Ball, location: 2F
1-2: Ball
2-2: Ball
3-2: Strikes out swinging
Top of the 2nd over - 1 run, 2 hits, 0 errors, 3 left on base; Mississippi 2 - Tulsa 0
BOTTOM OF THE 2ND
Tulsa Drillers batting - Pitching for Mississippi Braves : LHP Carlos Salcido
Batting: SHB Ray Luna 0-0: Fly out, F2 (Popup, 25F, EV 80.0 MPH)
Batting: LHB Joe Phillips 0-0: Ball
1-0: Called Strike
1-1: DOUBLE (Groundball, 3L, EV 103.1 MPH)
Batting: LHB Bobby Gonzalez 0-0: Foul Ball, location: 2F
0-1: Called Strike
0-2: Strikes out swinging, 2-3 out at first.
Batting: RHB Jonathan Sotelo 0-0: Called Strike
0-1: Foul Ball, location: 2F
0-2: Ball
1-2: Ball
2-2: SINGLE (Groundball, 5S, EV 98.8 MPH)
Joe Phillips to third
Runner from 3rd tries for Home, SAFE, throw by LF to home
Batting: RHB Bob Magana 0-0: Ball
1-0: Ball
2-0: Called Strike
2-1: Ground out 5-3 (Groundball, 56S, EV 80.0 MPH)
Bottom of the 2nd over - 1 run, 2 hits, 0 errors, 1 left on base; Mississippi 2 - Tulsa 1
TOP OF THE 3RD
Mississippi Braves batting - Pitching for Tulsa Drillers : RHP Mike Mik
Batting: RHB Luis Restrepo 0-0: Swinging Strike
0-1: Ball
1-1: Foul Ball, location: 2F
1-2: Ball
2-2: Ball
3-2: Strikes out swinging
Batting: LHB Sal Fernandez 0-0: Foul Ball, location: 2F
0-1: Ball
1-1: Foul Ball, location: 2F
1-2: Ground out 4-3 (Groundball, 4D, EV 108.1 MPH)
Batting: RHB Hieronim Rutkowski 0-0: Called Strike
0-1: Called Strike
0-2: Ball
1-2: Foul Ball, location: 2F
1-2: Strikes out swinging
Top of the 3rd over - 0 runs, 0 hits, 0 errors, 0 left on base; Mississippi 2 - Tulsa 1
BOTTOM OF THE 3RD
Tulsa Drillers batting - Pitching for Mississippi Braves : LHP Carlos Salcido
Batting: LHB Randy Boone 0-0: Reached on error, E4 (Groundball, 4, EV 78.8 MPH)
Batting: LHB Cory Bowler 0-0: Called Strike
0-1: Foul Ball, location: 2F
0-2: Ball
1-2: Grounds into double play, 4-6-3 (Groundball, 4, EV 91.2 MPH)
Batting: LHB Umar Matoub 0-0: Ball
1-0: Ground out 5-3 (Groundball, 56, EV 105.0 MPH)
Bottom of the 3rd over - 0 runs, 0 hits, 1 error, 0 left on base; Mississippi 2 - Tulsa 1
TOP OF THE 4TH
Mississippi Braves batting - Pitching for Tulsa Drillers : RHP Mike Mik
Batting: RHB Justin Reich 0-0: Fly out, F4 (Line Drive, 4, EV 70.6 MPH)
Batting: SHB Jose Melendez 0-0: Ball
1-0: Foul Ball, location: 2F
1-1: Ball
2-1: Ball
3-1: Fly out, F4 (Flyball, 4D, EV 92.5 MPH)
Batting: RHB Costantino Dolfini 0-0: Fly out, F9 (Flyball, 89S, EV 94.4 MPH)
Top of the 4th over - 0 runs, 0 hits, 0 errors, 0 left on base; Mississippi 2 - Tulsa 1
BOTTOM OF THE 4TH
Tulsa Drillers batting - Pitching for Mississippi Braves : LHP Carlos Salcido
Batting: LHB Nate Kee 0-0: Foul Ball, location: 2F
0-1: Swinging Strike
0-2: Fly out, F8 (Flyball, 8LD, EV 88.1 MPH)
Batting: SHB Ray Luna 0-0: Called Strike
0-1: Called Strike
0-2: Ball
1-2: Foul Ball, location: 2F
1-2: Foul Ball, location: 2F
1-2: Ball
2-2: Fly out, F8 (Flyball, 8RXD, EV 98.1 MPH)
Batting: LHB Joe Phillips 0-0: Foul Ball, location: 2F
0-1: Fly out, F7 (Flyball, 7, EV 87.5 MPH)
Bottom of the 4th over - 0 runs, 0 hits, 0 errors, 0 left on base; Mississippi 2 - Tulsa 1
TOP OF THE 5TH
Mississippi Braves batting - Pitching for Tulsa Drillers : RHP Mike Mik
Batting: RHB Zheng-ze King 0-0: Swinging Strike
0-1: Called Strike
0-2: Ball
1-2: Strikes out swinging
Batting: LHB Ricardo Sandoval 0-0: Ball
1-0: Ball
2-0: Ball
3-0: Base on Balls
Batting: LHB Art D'Ascenzo 0-0: Called Strike
0-1: Ball
1-1: Ball
Ricardo Sandoval steals 2nd, throwing error, E2
Ricardo Sandoval to third
2-1: Foul Ball, location: 2F
2-2: Strikes out swinging
Batting: RHB Luis Restrepo 0-0: Called Strike
0-1: Ball
1-1: Foul Ball, location: 2F
1-2: SINGLE (Groundball, 34D, EV 93.8 MPH)
Ricardo Sandoval scores
Batting: LHB Sal Fernandez 0-0: Ground out 4-3 (Groundball, 4, EV 99.4 MPH)
Top of the 5th over - 1 run, 1 hit, 1 error, 1 left on base; Mississippi 3 - Tulsa 1
BOTTOM OF THE 5TH
Tulsa Drillers batting - Pitching for Mississippi Braves : LHP Carlos Salcido
Batting: LHB Bobby Gonzalez 0-0: Called Strike
0-1: Ball
1-1: Foul Ball, location: 2F
1-2: Ball
2-2: Ball
3-2: Strikes out looking
Batting: RHB Jonathan Sotelo 0-0: Ball
1-0: Foul Ball, location: 2F
1-1: Ball
2-1: Ball
3-1: Swinging Strike
3-2: Strikes out swinging
Batting: RHB Bob Magana 0-0: Ball
1-0: Ball
2-0: Swinging Strike
2-1: Called Strike
2-2: Foul Ball, location: 2F
2-2: Fly out, F8 (Flyball, 8LM, EV 83.1 MPH)
Bottom of the 5th over - 0 runs, 0 hits, 0 errors, 0 left on base; Mississippi 3 - Tulsa 1
TOP OF THE 6TH
Mississippi Braves batting - Pitching for Tulsa Drillers : RHP Mike Mik
Batting: RHB Hieronim Rutkowski 0-0: Ball
1-0: Ball
2-0: Ball
3-0: Called Strike
3-1: Base on Balls
Pitching: RHP Andy Rodriguez
Batting: RHB Justin Reich 0-0: Ball
1-0: Ball
Hieronim Rutkowski steals 2nd base
2-0: Foul Ball, location: 2F
2-1: Swinging Strike
2-2: Ball
3-2: Fly out, F9 (Flyball, 9, EV 83.8 MPH)
Batting: SHB Jose Melendez 0-0: Called Strike
0-1: SINGLE (Groundball, 6MS, EV 66.2 MPH) (infield hit)
Hieronim Rutkowski to third
Batting: RHB Costantino Dolfini 0-0: Ball
Jose Melendez steals 2nd, throwing error, E2
Hieronim Rutkowski scores
Jose Melendez to third
1-0: Called Strike
1-1: Foul Ball, location: 2F
1-2: Ball
2-2: SINGLE (Groundball, 4M, EV 86.2 MPH) (infield hit)
Jose Melendez scores
Batting: RHB Zheng-ze King 0-0: Ball
1-0: Ball
2-0: Swinging Strike
2-1: Swinging Strike
2-2: Ball
3-2: Foul Ball, location: 2F
3-2: Strikes out swinging
Costantino Dolfini steals 2nd base
Batter strikes out.
Batting: LHB Ricardo Sandoval 0-0: Ball
1-0: Ball
2-0: Ball
3-0: Called Strike
3-1: Base on Balls
Batting: LHB Art D'Ascenzo 0-0: Ball
1-0: Called Strike
1-1: Ball
2-1: Ground out U3 (Groundball, 34, EV 91.2 MPH)
Top of the 6th over - 2 runs, 2 hits, 1 error, 2 left on base; Mississippi 5 - Tulsa 1
BOTTOM OF THE 6TH
Tulsa Drillers batting - Pitching for Mississippi Braves : LHP Carlos Salcido
Batting: LHB Randy Boone 0-0: Ball
1-0: Ground out U3 (Groundball, 23, EV 89.4 MPH)
Batting: LHB Cory Bowler 0-0: Called Strike
0-1: Ball
1-1: Ball
2-1: Swinging Strike
2-2: Ball
3-2: Fly out, F7 (Flyball, 7D, EV 90.6 MPH)
Batting: LHB Umar Matoub 0-0: Ball
1-0: SINGLE (Line Drive, 8RS, EV 111.2 MPH)
Batting: LHB Nate Kee 0-0: Called Strike
0-1: Ball
1-1: Ground out 4-3 (Groundball, 4, EV 80.6 MPH)
Bottom of the 6th over - 0 runs, 1 hit, 0 errors, 1 left on base; Mississippi 5 - Tulsa 1
TOP OF THE 7TH
Mississippi Braves batting - Pitching for Tulsa Drillers : RHP Andy Rodriguez
Pitching: RHP Shane Walker
Batting: RHB Luis Restrepo 0-0: Ball
1-0: Swinging Strike
1-1: Ball
2-1: Called Strike
2-2: Strikes out looking
Batting: LHB Sal Fernandez 0-0: Swinging Strike
0-1: Called Strike
0-2: Ball
1-2: Foul Ball, location: 2F
1-2: Ball
2-2: Ball
3-2: Strikes out swinging
Batting: RHB Hieronim Rutkowski 0-0: Swinging Strike
0-1: Ball
1-1: Ball
2-1: Foul Ball, location: 2F
2-2: Foul Ball, location: 2F
2-2: Strikes out swinging
Top of the 7th over - 0 runs, 0 hits, 0 errors, 0 left on base; Mississippi 5 - Tulsa 1
BOTTOM OF THE 7TH
Tulsa Drillers batting - Pitching for Mississippi Braves : LHP Carlos Salcido
Batting: SHB Ray Luna 0-0: Called Strike
0-1: Ball
1-1: Ground out 6-3 (Groundball, 56, EV 101.9 MPH)
Batting: LHB Joe Phillips 0-0: Ball
1-0: Swinging Strike
1-1: Foul Ball, location: 2F
1-2: SINGLE (Groundball, 4MD, EV 103.8 MPH)
Batting: LHB Bobby Gonzalez 0-0: Foul Ball, location: 2F
0-1: Ball
1-1: Foul Ball, location: 2F
1-2: Strikes out looking
Batting: RHB Jonathan Sotelo 0-0: Swinging Strike
0-1: Ball
1-1: Ball
2-1: Foul Ball, location: 2F
2-2: Strikes out swinging
Bottom of the 7th over - 0 runs, 1 hit, 0 errors, 1 left on base; Mississippi 5 - Tulsa 1
TOP OF THE 8TH
Mississippi Braves batting - Pitching for Tulsa Drillers : RHP Shane Walker
Batting: RHB Justin Reich 0-0: Ball
1-0: SINGLE (Line Drive, 6D, EV 98.8 MPH)
Batting: SHB Jose Melendez 0-0: Ball
1-0: Ball
2-0: Called Strike
2-1: Ball
3-1: Hit by Pitch
Justin Reich to second
Batting: RHB Costantino Dolfini 0-0: Called Strike
0-1: Called Strike
0-2: Ball
1-2: Ball
2-2: Ball
3-2: Fly out, F7 (Line Drive, 7LM, EV 91.9 MPH)
Pitching: RHP Jon Schau
Batting: RHB Zheng-ze King 0-0: Foul Ball, location: 2F
0-1: Fly out, F7 (Flyball, 78M, EV 86.9 MPH)
Batting: LHB Ricardo Sandoval 0-0: Swinging Strike
0-1: Foul Ball, location: 2F
0-2: Foul Ball, location: 2F
0-2: Ground out 1-3 (Groundball, 34S, EV 71.2 MPH)
Top of the 8th over - 0 runs, 1 hit, 0 errors, 2 left on base; Mississippi 5 - Tulsa 1
BOTTOM OF THE 8TH
Tulsa Drillers batting - Pitching for Mississippi Braves : LHP Carlos Salcido
Pitching: RHP Chris Hawkins
Batting: RHB Bob Magana 0-0: SINGLE (Flyball, 4D, EV 89.4 MPH)
Batting: LHB Randy Boone 0-0: Ball
1-0: Ball
2-0: Called Strike
2-1: Ball
3-1: Called Strike
3-2: Foul Ball, location: 2F
3-2: Base on Balls
Bob Magana to second
Batting: LHB Cory Bowler 0-0: Ball
1-0: Called Strike
1-1: Fielders Choice at 2nd, 4-6 (Groundball, 34, EV 106.9 MPH)
Bob Magana to third
Batting: LHB Umar Matoub 0-0: Fly out, F8 (Flyball, 8LM, EV 76.2 MPH)
Runner from 3rd tags up, SCORES, throw by CF
Batting: LHB Nate Kee 0-0: Swinging Strike
0-1: Swinging Strike
0-2: Ball
1-2: Foul Ball, location: 2F
1-2: Foul Ball, location: 2F
1-2: Foul Ball, location: 2F
1-2: Ground out 4-3 (Groundball, 4, EV 85.0 MPH)
Bottom of the 8th over - 1 run, 1 hit, 0 errors, 1 left on base; Mississippi 5 - Tulsa 2
TOP OF THE 9TH
Mississippi Braves batting - Pitching for Tulsa Drillers : RHP Jon Schau
Batting: LHB Art D'Ascenzo 0-0: Called Strike
0-1: Foul Ball, location: 2F
0-2: Ball
1-2: Ball
2-2: Strikes out swinging
Batting: RHB Luis Restrepo 0-0: Called Strike
0-1: Swinging Strike
0-2: Ball
1-2: Foul Ball, location: 2F
1-2: Strikes out looking
Batting: LHB Sal Fernandez 0-0: Ball
1-0: Called Strike
1-1: Foul Ball, location: 2F
1-2: Strikes out looking
Top of the 9th over - 0 runs, 0 hits, 0 errors, 0 left on base; Mississippi 5 - Tulsa 2
BOTTOM OF THE 9TH
Tulsa Drillers batting - Pitching for Mississippi Braves : RHP Chris Hawkins
Pitching: LHP Justin Hawk
Batting: SHB Ray Luna 0-0: Ball
1-0: Swinging Strike
1-1: Ground out 6-3 (Groundball, 56, EV 85.6 MPH)
Batting: LHB Joe Phillips 0-0: Ball
1-0: Ball
2-0: Fly out, F9 (Flyball, 89M, EV 88.1 MPH)
Batting: LHB Bobby Gonzalez 0-0: Called Strike
0-1: Ball
1-1: Called Strike
1-2: Ball
2-2: SINGLE (Flyball, 7S, EV 85.0 MPH)
Batting: RHB Jonathan Sotelo 0-0: Swinging Strike
Pickoff Throw to First - Error! E1
Bobby Gonzalez to second
0-1: Swinging Strike
0-2: Strikes out looking
Bottom of the 9th over - 0 runs, 1 hit, 1 error, 1 left on base; Mississippi 5 - Tulsa 2
Sunday, July 16th , 2023 - OOTP Baseball 24.6 Build 69